 Dungeon Crawl Stone Soup version 0.22.0 (webtiles) character file.

2324 edsrzf the Destroyer (level 9, -2/79 HPs)
             Began as a Deep Dwarf Conjurer on Aug 11, 2018.
             Was a Believer of Makhleb.
             Slain by a hippogriff (8 damage)
             ... on level 8 of the Dungeon on Aug 12, 2018.
             The game lasted 00:29:59 (7126 turns).

edsrzf the Destroyer (Deep Dwarf Conjurer)          Turns: 7126, Time: 00:29:59

Health: -2/79      AC:  4    Str: 16    XL:     9   Next: 19%
Magic:  15/18      EV: 16    Int: 18    God:    Makhleb [**....]
Gold:   412        SH:  0    Dex: 15    Spells: 13/20 levels left

rFire    + . .     SeeInvis .   a - +7 glaive "Ofeit" {chop, rPois rN+ Str+3 Dex+2}
rCold    . . .     Gourm    .   (shield currently unavailable)
rNeg     + . .     Faith    .   e - +0 robe
rPois    +         Spirit   .   l - +0 helmet
rElec    .         Reflect  .   (no cloak)
rCorr    .         Harm     .   (no gloves)
MR       +....                  L - +0 pair of boots
Stlth    ++........             g - amulet of magic regeneration
HPRegen  0.00/turn              E - ring of protection from fire
MPRegen  0.41/turn              k - +3 ring of evasion

@: non-regenerating
A: damage resistance, heal wounds, sense surroundings 2, no regeneration
a: Heal Wounds, Minor Destruction, Renounce Religion


You were on level 8 of the Dungeon.
You worshipped Makhleb.
Makhleb was pleased with you.
You were not hungry.

You visited 2 branches of the dungeon, and saw 9 of its levels.
You also visited: Sewer.

You collected 412 gold pieces.

Inventory:

Hand Weapons
 a - the +7 glaive "Ofeit" (weapon) {chop, rPois rN+ Str+3 Dex+2}
   (You found it on level 5 of the Dungeon)

   It inflicts extra damage upon your enemies.
   It affects your strength (+3).
   It affects your dexterity (+2).
   It protects you from poison.
   It protects you from negative energy.
 B - a +2 dagger of venom
Missiles
 f - 49 poisoned needles
 q - 2 throwing nets {=f}
Armour
 e - a +0 robe (worn)
 l - a +0 helmet (worn)
 L - a +0 pair of boots (worn)
Jewellery
 g - an amulet of magic regeneration (around neck)
 k - a +3 ring of evasion (right hand)
 t - an uncursed ring of poison resistance
 A - an uncursed ring of ice
 E - a ring of protection from fire (left hand)
Wands
 w - a wand of paralysis (1)
 M - a wand of iceblast (5)
 N - a wand of digging (1)
Scrolls
 h - 2 scrolls of amnesia {unknown}
 i - 4 scrolls of teleportation {unknown}
 j - 2 scrolls of fear {unknown}
 o - 3 scrolls of remove curse {@r2}
 p - 6 scrolls of magic mapping {unknown}
 r - 2 scrolls of immolation
 s - a scroll of fog {unknown}
 y - a scroll of blinking {unknown}
 G - a scroll of noise {unknown}
 H - a scroll of enchant weapon {unknown}
 I - a scroll of random uselessness {unknown}
 J - 3 scrolls of identify {@r1}
 K - 3 scrolls of torment {unknown}
Potions
 b - 4 potions of curing
 d - a potion of experience {unknown}
 m - a potion of magic
 n - a potion of agility
 u - a potion of invisibility
 v - a potion of brilliance
 x - 2 potions of berserk rage {!q}
 z - 2 potions of cancellation
 C - 4 potions of flight
 D - 3 potions of heal wounds
 F - a potion of haste
Comestibles
 c - 13 rations


   Skills:
 + Level 4.5 Fighting
 - Level 2.1 Dodging
 - Level 2.4 Stealth
 + Level 6.0 Spellcasting
 + Level 8.9 Conjurations


You had 13 spell levels left.
You knew the following spells:

 Your Spells              Type           Power        Failure   Level  Hunger
a - Iskenderun's Mystic   Conj           #####...     3%          4    ####...
r - Searing Ray           Conj           #####.       1%          2    None
X - Magic Dart            Conj           ####         1%          1    None

Your spell library contained the following spells:

 Spells                   Type           Power        Failure   Level  Hunger
 Fireball                 Conj/Fire      ###.......   47%         5    #####..
 Conjure Flame            Conj/Fire      ###.....     6%          3    ##.....
 Throw Flame              Conj/Fire      ###...       3%          2    None
 Sticky Flame             Conj/Fire      ###.....     19%         4    ####...
 Spider Form              Tmut/Pois      #.........   34%         3    ##.....
 Blade Hands              Tmut           #.........   97%         5    #####..
 Ice Form                 Ice/Tmut       #.......     75%         4    ####...
 Flame Tongue             Conj/Fire      ###..        1%          1    None
 Sticks to Snakes         Tmut           #.......     19%         2    None
 Inner Flame              Hex/Fire       #.......     34%         3    ##.....
 Beastly Appendage        Tmut           #.....       12%         1    None
 Fulminant Prism          Conj/Hex       ###.......   19%         4    ####...
 Dazzling Spray           Conj/Hex       ###...       6%          3    ##.....
 Force Lance              Conj/Tloc      ###.....     19%         4    ####...


Dungeon Overview and Level Annotations

Branches:
Dungeon (8/15)             Temple (1/1) D:5
   Lair: D:8-11

Altars:
Ashenzari
Cheibriados
Dithmenos
Fedhas
Gozag
Hepliaklqana
Kikubaaqudgha
Makhleb
Nemelex Xobeh
Okawaru
Qazlal
Ru
Sif Muna
Trog
Uskayaw
Vehumet
Wu Jian
Xom
Yredelemnul

Annotations:
D:5 3 runed doors, Edmund; Utoypn's ghost, novice GrFi
D:7 exclusion: spriggan
D:8 exclusion: 3 killer bees


Innate Abilities, Weirdness & Mutations

You are resistant to damage.
You can heal yourself by infusing magical energy.
You passively map the area around you.
You do not regenerate.


Message History

Aiming: Magic Dart (safe; 1% risk of failure)
Press: ? - help, Shift-Dir - straight line, f/p - jelly
Aim: a jelly (severely wounded)
The magic dart hits the jelly.
The jelly is almost dead.
Casting: Magic Dart (safe; 1% risk of failure)
Confirm with . or Enter, or press ? or * to list all spells.
Aiming: Magic Dart (safe; 1% risk of failure)
Press: ? - help, Shift-Dir - straight line, f/p - jelly
Aim: a jelly (almost dead)
The magic dart hits the jelly.
You kill the jelly!
Makhleb accepts your kill.
The worker ant is too close now for your liking.
Casting: Magic Dart (safe; 1% risk of failure)
Confirm with . or Enter, or press ? or * to list all spells.
Aiming: Magic Dart (safe; 1% risk of failure)
Press: ? - help, Shift-Dir - straight line, f - worker ant
Aim: a worker ant (resting)
The magic dart hits the worker ant.
The worker ant twitches its antennae in your direction.
Casting: Magic Dart (safe; 1% risk of failure)
Confirm with . or Enter, or press ? or * to list all spells.
Aiming: Magic Dart (safe; 1% risk of failure)
Press: ? - help, Shift-Dir - straight line, f/p - worker ant
Aim: a worker ant The magic dart hits the worker ant.
Casting: Magic Dart (safe; 1% risk of failure)
Confirm with . or Enter, or press ? or * to list all spells.
Aiming: Searing Ray (safe; 1% risk of failure)
Press: ? - help, Shift-Dir - straight line, f/p - worker ant
Aim: a worker ant The searing ray hits the worker ant. (Press . to maintain the ray.)
A killer bee comes into view.
The searing ray misses the worker ant.
The searing ray hits the killer bee.
The killer bee is heavily wounded.
The searing ray hits the worker ant.
The worker ant is heavily wounded.
The killer bee stings you! The worker ant bites you.
The searing ray misses the killer bee.
You finish channeling your searing ray.
The killer bee stings you!
* * * LOW HITPOINT WARNING * * *
The worker ant barely misses you.
The killer bee stings you but does no damage.
The killer bee barely misses you. The killer bee stings you!
* * * LOW HITPOINT WARNING * * *
You are poisoned.
The killer bee poisons you!
Casting: Searing Ray (safe; 1% risk of failure)
Confirm with . or Enter, or press ? or * to list all spells.
Aiming: Searing Ray (safe; 1% risk of failure)
Press: ? - help, Shift-Dir - straight line, f/p - worker ant
Aim: a worker ant (heavily wounded)
The searing ray misses the killer bee.
The searing ray hits the worker ant.
The worker ant is severely wounded. (Press . to maintain the ray.)
The killer bee misses you. x2
The searing ray hits the killer bee.
You kill the killer bee!
Makhleb accepts your kill. The worker ant closely misses you.
The searing ray hits the worker ant.
You kill the worker ant!
Makhleb accepts your kill.
You feel better.
You see here a killer bee corpse.
You start resting.
All of the chunks of flesh in your inventory have rotted away.
Magic restored.
Unknown command.
You start waiting.
You are no longer poisoned.
Unknown command. 3 killer bees come into view.
Press: ? - help, v - describe, . - travel
Here: a killer bee (resting)
The floor.
Placed new exclusion.
Unknown command.
There is a stone staircase leading down here.
A hippogriff comes into view.
The hippogriff screeches!
You see here a killer bee corpse.
Casting: Searing Ray (safe; 1% risk of failure)
Confirm with . or Enter, or press ? or * to list all spells.
Aiming: Searing Ray (safe; 1% risk of failure)
Press: ? - help, Shift-Dir - straight line, f - hippogriff
Aim: a hippogriff The searing ray hits the hippogriff.
The hippogriff is lightly wounded. (Press . to maintain the ray.)
The searing ray misses the hippogriff.
The hippogriff bites you!
* * * LOW HITPOINT WARNING * * *
The hippogriff closely misses you. The hippogriff claws you.
The searing ray hits the hippogriff.
The hippogriff is moderately wounded.
The hippogriff bites you!
You die...

* *, #.# ###### ,* ,#.# , ,
,...... * * .. #.# ...... , ,
#. #.# ,...... , .y*,#.# * *,
...... *##.* #H# #.# ...... ,,
yy #.# #.# ###... #.*
#.##########.##* #...
####.###>†...H@....... , .....
#.?......##########.##* ######
#.................#.#
#..............##.#.###########
#..............'........[......
#########......##.#.######.####
#......##.#...# #.#
#......##.#)#.# ##<####
#......##.#.#.# #......


You could see a hippogriff.

Vanquished Creatures
  A hungry ghost (D:8)
  Menkaure (D:4)
  A water moccasin (D:8)
  An orc warrior (D:8)
  A phantom (D:5)
  A centaur (D:6)
  3 ogres
  2 big kobolds
  A water moccasin zombie (D:7)
  A scorpion (D:7)
  A killer bee (D:8)
  A howler monkey (D:5)
  2 crimson imps
  A bullfrog zombie (D:6)
  A quasit (D:6)
  A centaur zombie (D:7)
  3 hounds
  A centaur skeleton (D:7)
  7 orc wizards
  3 orc priests
  2 jellies (D:8)
  An iguana (D:8)
  5 worker ants
  Ijyb (D:3)
  Natasha (D:3)
  10 adders
  4 gnolls (D:2)
  2 river rats (Sewer)
  A shadow imp (D:8)
  An ooze (D:4)
  2 adder skeletons
  4 worms
  4 dart slugs
  6 leopard geckos
  23 orcs
  2 ball pythons
  9 bats
  6 giant cockroaches
  8 goblins
  14 hobgoblins
  16 jackals
  10 kobolds
  6 quokkas
  4 frilled lizards
  A leopard gecko skeleton (D:4)
  6 rats
183 creatures vanquished.

Notes
Turn   | Place    | Note
-------+----------+-------------------------------------------
     0 | D:1      | edsrzf the Deep Dwarf Conjurer began the quest for the Orb.
     0 | D:1      | Reached XP level 1. HP: 15/15 MP: 3/3
   426 | D:1      | Reached skill level 4 in Conjurations
   467 | D:1      | Reached XP level 2. HP: 22/22 MP: 0/4
  1234 | D:2      | Reached XP level 3. HP: 28/28 MP: 0/5
  1255 | D:2      | Found a shimmering altar of Xom.
  1256 | D:2      | Found a hazy altar of Hepliaklqana.
  1257 | D:2      | Noticed a spectral ugly thing
  1293 | D:2      | Reached skill level 5 in Conjurations
  1293 | D:2      | Reached XP level 4. HP: 34/36 MP: 1/6
  1320 | D:2      | Identified 3 scrolls of identify
  1320 | D:2      | Identified 2 potions of curing
  1321 | D:2      | Identified a potion of magic
  1445 | D:2      | Learned a level 2 spell: Searing Ray
  1679 | D:2      | Identified 2 scrolls of immolation
  1789 | D:2      | Reached XP level 5. HP: 29/42 MP: 4/7
  1798 | D:2      | Identified a potion of ambrosia
  1834 | D:2      | Identified a potion of invisibility
  2366 | D:3      | Noticed Ijyb
  2382 | D:3      | Killed Ijyb
  2382 | D:3      | Reached skill level 6 in Conjurations
  2406 | D:3      | Noticed Natasha
  2572 | D:3      | You fall through a shaft for 2 floors!
  2572 | D:5      | Entered Level 5 of the Dungeon
  2572 | D:5      | Found a hide-covered altar of Uskayaw.
  2572 | D:5      | Noticed a hand axe
  2572 | D:5      | Noticed a hand axe
  2575 | D:5      | Identified a potion of berserk rage
  2579 | D:5      | Identified 2 scrolls of remove curse
  2625 | D:5      | Noticed a phantom
  2676 | D:5      | Identified a potion of agility
  2719 | D:5      | Identified a potion of brilliance
  2792 | D:5      | Reached skill level 2 in Spellcasting
  2809 | D:5      | Noticed Edmund
  2836 | D:5      | Got a warped glaive
  2855 | D:5      | Identified the +7 glaive "Ofeit" {chop, rPois rN+ Str+3 Dex+2} (You found it on level 5 of the Dungeon)
  2863 | D:5      | Reached XP level 6. HP: 29/49 MP: 5/9
  2876 | D:5      | Found a runed gate.
  2876 | D:5      | Found a runed gate.
  2876 | D:5      | Found a runed gate.
  2876 | D:5      | Noticed Utoypn's ghost (novice GrFi)
  3024 | D:4      | Found a glowing drain.
  3045 | Sewer    | Entered a sewer
  3143 | Sewer    | Reached skill level 3 in Spellcasting
  3165 | Sewer    | Found a white marble altar of Elyvilon.
  3386 | D:3      | Learned a level 4 spell: Iskenderun's Mystic Blast
  3451 | D:3      | Identified 2 potions of cancellation
  3452 | D:3      | Identified 3 potions of flight
  3505 | D:3      | Reached skill level 7 in Conjurations
  3505 | D:3      | Reached XP level 7. HP: 25/55 MP: 8/12
  3574 | D:3      | Killed Natasha
  3751 | D:3      | Found a faded altar of an unknown god.
  3913 | D:4      | Noticed Menkaure
  3915 | D:4      | Killed Menkaure
  3915 | D:4      | Reached skill level 4 in Spellcasting
  4120 | D:4      | Identified 2 potions of heal wounds
  4187 | D:5      | Found a staircase to the Ecumenical Temple.
  4211 | Temple   | Entered the Ecumenical Temple
  4220 | Temple   | Became a worshipper of Makhleb the Destroyer
  4275 | D:5      | Reached skill level 1 in Fighting
  4975 | D:6      | Reached XP level 8. HP: 36/67 MP: 5/14
  5140 | D:6      | Reached skill level 2 in Fighting
  5673 | D:7      | Found an opulent altar of Gozag.
  5848 | D:7      | Reached * piety under Makhleb
  6010 | D:7      | Reached skill level 5 in Spellcasting
  6010 | D:7      | Reached skill level 8 in Conjurations
  6160 | D:7      | Reached skill level 3 in Fighting
  6791 | D:8      | Reached skill level 4 in Fighting
  6851 | D:8      | Reached ** piety under Makhleb
  6851 | D:8      | Gained mutation: You passively map the area around you. [Deep Dwarf growth]
  6851 | D:8      | Reached XP level 9. HP: 25/78 MP: 14/17
  7008 | D:8      | Reached skill level 6 in Spellcasting
  7126 | D:8      | Slain by a hippogriff

Skill      XL: |  1  2  3  4  5  6  7  8  9 |
---------------+----------------------------+-----
Conjurations   | 4 5 6 7 8 |  8.9
Spellcasting   | 2 3 4 5 6 |  6.0
Fighting       | 1 4 |  4.5
Dodging        | |  2.1
Stealth        | |  2.4

Action                   |  1- 3 |  4- 6 |  7- 9 || total
-------------------------+-------+-------+-------++-------
Melee: Spear             |     3 |    25 |       ||    28
       Glaive            |       |    37 |    25 ||    62
 Cast: Magic Dart        |    65 |   135 |   170 ||   370
       Searing Ray       |       |     9 |    33 ||    42
 Abil: Heal Wounds       |       |     1 |       ||     1
  Use: Scroll            |       |    11 |     2 ||    13
       Potion            |       |       |     2 ||     2
 Stab: Sleeping          |       |     5 |     2 ||     7
  Eat: Chunk             |     2 |    11 |    11 ||    24
Armor: Robe              |     2 |    12 |    13 ||    27
Dodge: Dodged            |    10 |    85 |    45 ||   140
